 Dungeon Crawl Stone Soup version 0.30-a0-715-gdb4ae3ece1 (webtiles) character file.

Game seed: 12295411762920145940

1 M4edhros the Charlatan (level 1, 0/13 HPs)
             Began as an Octopode Artificer on Jan 24, 2023.
             Slain by a rat (1 damage)
             ... on level 1 of the Dungeon.
             The game lasted 00:00:18 (26 turns).

M4edhros the Charlatan (Octopode Artificer)           Turns: 26, Time: 00:00:18

Health: 0/13       AC:  1    Str: 11    XL:     1   Next: 20%
Magic:  1/1        EV: 13    Int: 13    God:
Gold:   0          SH:  0    Dex: 12    Spells: 0/0 levels left

rFire   . . .      SeeInvis .    (no weapon)
rCold   . . .      Faith    .    (no shield)
rNeg    . . .      Spirit   .    (helmet restricted)
rPois   .          Reflect  .    (no amulet)
rElec   .          Harm     .    (no ring)
rCorr   .          Rampage  .    (no ring)
Will    .....                    (no ring)
Stlth   +++                      (no ring)
HPRegen 0.22/turn                (no ring)
MPRegen 0.07/turn                (no ring)
                                 (no ring)
                                 (no ring)

@: lethally poisoned (0 -> -4)
A: almost no armour, amphibious, 8 rings, camouflage 1, gelatinous body 1,
(nimble swimmer 1), tentacles
a: no special abilities


You were on level 1 of the Dungeon.
You visited 1 branch of the dungeon, and saw 1 of its levels.

Inventory:

Wands
 b - a wand of flame (15) (quivered)
 c - a wand of charming (14)
 d - a wand of iceblast (5)


   Skills:
 - Level 1.0 Fighting
 - Level 2.3 Dodging
 - Level 1.3 Stealth
 + Level 0.4 Unarmed Combat
 - Level 3.2 Evocations


You couldn't memorise any spells.
You didn't know any spells.
Your spell library was empty.

Dungeon Overview and Level Annotations

Branches:
Dungeon (1/15)

Altars:


Innate Abilities, Weirdness & Mutations

You cannot wear most types of armour.
You are amphibious.
You can wear up to eight rings at the same time.
Your skin changes colour to match your surroundings (Stealth+).
Your rubbery body absorbs attacks. (AC +1, EV +1)
((You are camouflaged when in or above water. (Stealth+)))
You have tentacles for arms and can constrict up to eight enemies at once.


Message History

Everyone else who sought the Orb of Zot has failed.
Will you be different?
Press ? for a list of commands and other information.
Found a staircase leading out of the dungeon.
You are now empty-tentacled.
You drop a +0 club.
A giant cockroach comes into view.
A giant cockroach is nearby!
You tentacle-slap the giant cockroach but do no damage.
You grab the giant cockroach. You squeeze the giant cockroach.
You kill the giant cockroach!
No target in view!
No target in view!
A rat and a goblin come into view.
The goblin is wielding a +1 dagger of venom.
The goblin shouts!
There are monsters nearby!
The goblin hits you with a +1 dagger of venom.
You are lethally poisoned!
There is a lethal amount of poison in your body!
You barely miss the goblin. Your grab misses the goblin.
You feel very sick.
The goblin hits you with a +1 dagger of venom.
You are too injured to fight recklessly!
You are too injured to fight recklessly!
Attack: -) Tentacles
Press: ? - help, Dir - move target, f - goblin
Aim: a goblin, wielding a +1 dagger of venom (about 53% to evade your tentacles)
Okay, then.
You aren't carrying any potions.
Aiming: Charm
Press: ? - help, Shift-Dir - straight line, f - goblin
Aim: a goblin, wielding a +1 dagger of venom (chance to affect: 73%)
The goblin is charmed.
* * * LOW HITPOINT WARNING * * *
You feel sick.
You tentacle-slap the rat but do no damage.
You grab the rat.
You constrict the rat, but do no damage.
* * * LOW HITPOINT WARNING * * *
You feel sick. The rat bites you.
You die...

#...........#
#.........# #.....###
#.##....# #.###.#.# ##.#
#...### #..# ###...#
#.## ###..#######
#####.## #....@g....#
##......###.....r......#
#.......................
.......<............$...
........................
........................
......8.................
.....♣.................#
...........#...


You could see a rat (ally target) and a friendly goblin (charmed).

Vanquished Creatures
  A giant cockroach (D:1)
1 creature vanquished.

Notes
Turn   | Place    | Note
-------+----------+-------------------------------------------
     0 | D:1      | M4edhros the Octopode Artificer began the quest for the
                  | Orb.
     0 | D:1      | Reached XP level 1. HP: 13/13 MP: 1/1
    26 | D:1      | Slain by a rat

Illustrated notes

Levels and vault maps discovered:
D:1:      wander_arrival_peaceful_grave, layout_rooms, palyth_stone_intersect

Action                     || total
---------------------------++-------
  Melee: Unarmed           ||     3
         Constrict         ||     2
         Tentacles         ||     1
  Evoke: Wand              ||     1

Table legend: (Time is in decaauts)
 A = Elapsed time spent in this place.
 B = Non-inter-level travel time spent in this place.
 C = Inter-level travel time spent in this place.
 D = Time resting spent in this place.
 E = Time spent auto-exploring this place.
 F = Levels seen in this place.
 G = Mean time per level.
                   A        B        C        D        E       F      G
               +--------+--------+--------+--------+--------+-----+--------+
         Total |     26 |     26 |      0 |      0 |     16 |   1 |   26.0 |
       Dungeon |     26 |     26 |      0 |      0 |     16 |   1 |   26.0 |
               +--------+--------+--------+--------+--------+-----+--------+

Top non-repeatable levels by time:
     D:1: 26 daAuts
